 Dungeon Crawl Stone Soup version 0.30-a0-339-g89bb51ec76 (webtiles) character file.

Game seed: 8724745587655599873

1403 p00ps00p the Fighter (level 8, -10/85 HPs)
             Began as a Hill Orc Fighter on Nov 1, 2022.
             Was an Initiate of Gozag.
             Mangled by an ogre
             ... wielding a +0 giant spiked club
              (23 damage)
             ... on level 6 of the Dungeon.
             The game lasted 00:11:42 (4634 turns).

p00ps00p the Fighter (Hill Orc Fighter)             Turns: 4634, Time: 00:11:42

Health: -10/85     AC: 10    Str: 19    XL:     8   Next: 69%
Magic:  8/8        EV:  9    Int:  8    God:    Gozag
Gold:   424        SH:  4    Dex: 12    Spells: 7/7 levels left

rFire   . . .      SeeInvis .    a - +1 war axe (venom)
rCold   . . .      Faith    .    c - +0 buckler
rNeg    . . .      Spirit   .    b - +0 scale mail
rPois   +          Reflect  .    m - +1 helmet
rElec   .          Harm     .    (no cloak)
rCorr   .          Rampage  .    e - +0 pair of gloves
Will    .....                    (no boots)
Stlth   ..........               (no amulet)
HPRegen 0.34/turn                h - ring of poison resistance
MPRegen 0.11/turn                (no ring)

@: no status effects
A: no striking features
a: Renounce Religion, Potion Petition, Call Merchant, Bribe Branch


You were on level 6 of the Dungeon.
You worshipped Gozag.
Gozag was aware of your devotion.
You visited 2 branches of the dungeon, and saw 7 of its levels.

You collected 490 gold pieces.
You paid 66 gold pieces to Gozag.

Inventory:

Hand Weapons
 a - a +1 war axe of venom (weapon)
Missiles
 u - 2 throwing nets (quivered)
 x - 9 poisoned darts
Armour
 b - a +0 scale mail (worn)
 c - a +0 buckler (worn)
 d - a +3 leather armour of poison resistance
 e - a +0 pair of gloves (worn)
 m - a +1 helmet (worn)
 r - the +0 robe of Privacy {-Tele rElec rCorr Stlth+}
   (You found it on level 3 of the Dungeon)

   rElec:     It insulates you from electricity.
   -Tele:     It prevents most forms of teleportation.
   rCorr:     It protects you from acid and corrosion.
   Stlth:     It makes you more stealthy.
Jewellery
 h - a ring of poison resistance (left hand)
Wands
 n - a wand of iceblast (3)
Scrolls
 g - a scroll of teleportation
 p - a scroll of brand weapon
 v - a scroll of amnesia
 w - a scroll of poison
 y - a scroll of identify
Potions
 f - a potion of haste {unknown}
 i - 2 potions of brilliance {unknown}
 k - a potion of lignification {unknown}
 l - 3 potions of degeneration
 o - a potion of heal wounds {unknown}
 q - 3 potions of mutation
 s - a potion of flight {unknown}
 t - 4 potions of curing {unknown}


   Skills:
 + Level 12.8 Fighting
 - Level 2.6 Axes
 - Level 3.2 Armour
 - Level 3.2 Shields


You had 7 spell levels left.
You didn't know any spells.
Your spell library contained the following spells:

 Spells                   Type           Power      Damage    Failure   Level
 Foxfire                  Conj/Fire      0%         2x1d4     86%         1
 Fireball                 Conj/Fire      0%         3d3       100%        5
 Starburst                Conj/Fire      0%         6d3       100%        6


Dungeon Overview and Level Annotations

Branches:
Dungeon (6/15)             Temple (1/1) D:4

Altars:
Ashenzari
Cheibriados
Dithmenos
Fedhas
Gozag
Hepliaklqana
Kikubaaqudgha
Okawaru
Trog
Uskayaw
Vehumet
Wu Jian
Xom
Yredelemnul
The Shining One

Annotations:
D:3 exclusion: oklob plant


Message History

Aiming: Iceblast
Press: ? - help, Q - select action, (/) - cycle Shift-Dir - straight line, f/p - Pikel
Aim: Pikel, wielding a +1 whip of electrocution and wearing a +0 robe (lightly wounded)
The mass of ice explodes!
The iceblast engulfs Pikel!
Pikel is heavily wounded.
You hear a shout!
Pikel hits you but does no damage.
You are electrocuted!
You slash Pikel!
Pikel is poisoned.
Pikel is severely wounded.
You block Pikel's attack.
You slash Pikel!
Pikel looks as sick as possible!
Pikel is almost dead.
You completely miss the lemure.
Pikel hits you with a +1 whip of electrocution.
The lemure hits you.
* * * LOW HITPOINT WARNING * * *
You barely miss Pikel.
Pikel is almost dead.
You hit the lemure but do no damage.
The lemure is poisoned.
You kill Pikel!
With Pikel's spell broken, his former minions thank you for their freedom.
The lemure departs this earthly plane. x2
Your Fighting skill increases to level 12!
You now have 424 gold pieces (gained 7).
Things that are here:
a +1 whip of electrocution; a +0 robe An ogre comes into view.
It is wielding a +0 giant spiked club.
You hear the hiss of a distant avalanche of sand.
You hit the ogre.
The ogre is poisoned.
The ogre is moderately wounded.
You block the ogre's attack.
You barely miss the ogre.
The ogre is heavily wounded.
The ogre hits you with a +0 giant spiked club!!
* * * LOW HITPOINT WARNING * * *
You hit the ogre but do no damage.
The ogre is heavily wounded.
The ogre hits you with a +0 giant spiked club!!
You die...
Your body crumbles into a pile of gold.

##### $ #...# #...# #..
#...# #.. ########...# .#..
#..........##########....
#.......@............# zz
#.......O............# #5
###..................# #5
#..................# #.
#####..................###z
#................).....'K..
#......................####
#......................####
#..........................


You could see an ogre (very poisoned).

Vanquished Creatures
  Pikel (D:6)
  Eustachio (D:6)
  An ogre (D:4)
  A centaur (D:5)
  A lemure (D:6)
  A bullfrog (D:5)
  A jelly (D:4)
  3 orc priests
  A hound (D:5)
  Terence (D:3)
  4 iguanas
  4 orc wizards
  Robin (D:2)
  7 adders
  3 gnolls (D:4)
  An ufetubus (D:5)
  A worm (D:3)
  2 dart slugs
  19 orcs
  5 endoplasms
  3 giant cockroaches
  15 goblins
  8 hobgoblins
  4 jackals (D:3)
  3 quokkas
  9 ball pythons
  6 bats
  7 frilled lizards
  8 kobolds
  5 rats
127 creatures vanquished.

Notes
Turn   | Place    | Note
-------+----------+-------------------------------------------
     0 | D:1      | p00ps00p the Hill Orc Fighter began the quest for the Orb.
     0 | D:1      | Reached XP level 1. HP: 19/19 MP: 1/1
   161 | D:1      | Reached skill level 4 in Fighting
   198 | D:1      | Reached XP level 2. HP: 24/27 MP: 2/2
   710 | D:2      | Reached XP level 3. HP: 35/35 MP: 3/3
   721 | D:2      | Reached skill level 5 in Fighting
   730 | D:2      | Noticed Robin
   743 | D:2      | Killed Robin
  1256 | D:2      | Reached XP level 4. HP: 42/44 MP: 4/4
  1348 | D:3      | Reached skill level 6 in Fighting
  1348 | D:3      | Identified the +0 robe of Privacy {-Tele rElec rCorr
                  | Stlth+}
  1379 | D:3      | Reached XP level 5. HP: 28/51 MP: 5/5
  1492 | D:3      | Noticed Terence
  1501 | D:3      | Killed Terence
  1502 | D:3      | Reached skill level 7 in Fighting
  1891 | D:3      | Found a blossoming altar of Fedhas.
  1910 | D:3      | Noticed an oklob plant
  2216 | D:4      | Reached XP level 6. HP: 61/61 MP: 6/6
  2254 | D:4      | Reached skill level 8 in Fighting
  2656 | D:4      | Found a staircase to the Ecumenical Temple.
  2681 | Temple   | Entered the Ecumenical Temple
  2834 | Temple   | Became a worshipper of Gozag Ym Sagoz the Greedy
  2863 | D:4      | Reached skill level 9 in Fighting
  2918 | D:4      | Reached XP level 7. HP: 70/70 MP: 7/7
  3653 | D:5      | Entered Level 5 of the Dungeon
  3666 | D:5      | Reached skill level 10 in Fighting
  4142 | D:5      | Noticed a yak
  4142 | D:5      | Noticed a yak
  4142 | D:5      | Noticed a yak
  4441 | D:6      | Noticed Eustachio
  4462 | D:6      | Reached skill level 11 in Fighting
  4470 | D:6      | Killed Eustachio
  4471 | D:6      | Reached XP level 8. HP: 38/82 MP: 8/8
  4501 | D:6      | Noticed Pikel
  4502 | D:6      | Noticed a yak
  4503 | D:6      | Noticed a yak
  4611 | D:6      | Killed Pikel
  4612 | D:6      | Reached skill level 12 in Fighting
  4634 | D:6      | Mangled by an ogre

Illustrated notes

Levels and vault maps discovered:
D:1:      minmay_arrival_loop, layout_loops_cross
D:2:      layout_loops_cross, uniq_robin
D:3:      layout_rooms, tgw_fedhas, uniq_crazy_yiuf_cottage, uniq_terence
D:4:      minmay_diamond_boxcup, layout_gridville,
          minmay_temple_entry_proselytizer
D:5:      layout_basic
D:6:      layout_basic, nicolae_ossuary_entry_monument, uniq_eustachio,
          uniq_pikel
Temple:   eino_narrow_crystal_temple

Skill      XL: |  1  2  3  4  5  6  7  8 |
---------------+-------------------------+-----
Fighting       | 4 5 6 7 9 11 12 | 12.8
Axes           | |  2.6
Armour         | |  3.2
Shields        | |  3.2

Action                   |  1- 3 |  4- 6 |  7- 9 || total
-------------------------+-------+-------+-------++-------
Melee: War axe           |    91 |   123 |    55 ||   269
Evoke: Wand              |       |       |     4 ||     4
  Use: Scroll            |     5 |     5 |     7 ||    17
       Potion            |       |       |     2 ||     2
Armor: Scale mail        |    45 |   110 |    33 ||   188
Dodge: Dodged            |    65 |    72 |    41 ||   178
Block: Buckler           |    22 |    33 |    18 ||    73

Table legend: (Time is in decaauts)
 A = Elapsed time spent in this place.
 B = Non-inter-level travel time spent in this place.
 C = Inter-level travel time spent in this place.
 D = Time resting spent in this place.
 E = Time spent auto-exploring this place.
 F = Levels seen in this place.
 G = Mean time per level.
                   A        B        C        D        E       F      G
               +--------+--------+--------+--------+--------+-----+--------+
         Total |   4749 |   4611 |    138 |   1080 |   2075 |   7 |  678.4 |
       Dungeon |   4580 |   4473 |    107 |   1080 |   1945 |   6 |  763.3 |
        Temple |    168 |    137 |     31 |      0 |    130 |   1 |  168.0 |
               +--------+--------+--------+--------+--------+-----+--------+

Top non-repeatable levels by time:
     D:4: 1348 daAuts
     D:3: 869 daAuts
     D:5: 729 daAuts
     D:1: 714 daAuts
     D:2: 663 daAuts
     D:6: 255 daAuts
  Temple: 168 daAuts
